 Dungeon Crawl Stone Soup version 0.19.0-2-gae57169 (webtiles) character file.

1124 Khazard the Ducker (level 8, -9/49 HPs)
             Began as a Halfling Warper on Nov 4, 2016.
             Was a Follower of Cheibriados.
             Mangled by Menkaure (22 damage)
             ... on level 5 of the Dungeon on Nov 5, 2016.
             The game lasted 00:06:56 (4614 turns).

Khazard the Ducker (Halfling Warper)                Turns: 4614, Time: 00:06:56

Health: -9/49      AC: 12    Str: 21    XL:     8   Next: 61%
Magic:  10/10      EV: 19    Int: 13    God:    Cheibriados [*.....]
Gold:   113        SH:  0    Dex: 16    Spells: 1 memorised, 8 levels left

rFire  . . .     SeeInvis .       - Unarmed
rCold  . . .     Gourm    .     t - +2 leather armour {rPois}
rNeg   . . .     Faith    .     (shield restricted)
rPois  +         Spirit   .     w - +0 helmet
rElec  .         Reflect  .     A - +2 cloak {+Inv}
rCorr  .         Harm     .     o - +2 pair of gloves
MR     .....                    (no boots)
Stlth  +.........               (no amulet)
                                (no ring)
                                (no ring)

@: mighty, very slow
A: mutation resistance 1
a: Bend Time, Renounce Religion, Evoke Invisibility


You were on level 5 of the Dungeon.
You worshipped Cheibriados.
Cheibriados was aware of your devotion.
You were not hungry.

You visited 2 branches of the dungeon, and saw 6 of its levels.

You collected 113 gold pieces.

Inventory:

Hand Weapons
 q - a +3 blowgun
 B - a +2 mace of protection
Missiles
 d - 5 tomahawks of dispersal (quivered)
 f - 24 sling bullets
 g - 5 tomahawks
 r - 3 curare-tipped needles
 x - 49 stones
 C - 16 bolts
Armour
 a - a +0 leather armour
 o - a +2 pair of gloves (worn)
 t - a +2 leather armour of poison resistance (worn)
 w - a +0 helmet (worn)
 A - a +2 cloak of invisibility (worn)
Jewellery
 u - an uncursed ring of ice
 E - an uncursed ring of see invisible {unknown}
Wands
 j - a wand of slowing (23/48)
 p - a wand of iceblast (10/15)
 D - a wand of flame (19/48)
Scrolls
 c - 2 scrolls of blinking
 e - 3 scrolls of remove curse
 h - 2 scrolls of enchant armour {unknown}
 v - a scroll of identify
 y - a scroll of magic mapping {unknown}
 I - a scroll of amnesia
Potions
 k - 2 potions of heal wounds
 l - a potion of flight
 m - 2 potions of curing
 H - a potion of mutation {unknown}
Books
 b - a book of Spatial Translocations

   Spells                             Type                      Level
   a - Blink                          Translocation                2
   b - Shroud of Golubria             Charms/Translocation         2
   c - Lesser Beckoning               Translocation                3
   d - Portal Projectile              Translocation                3
   e - Teleport Other                 Translocation                3
   f - Passage of Golubria            Translocation                4
 n - a book of Maledictions

   Spells                             Type                      Level
   a - Corona                         Hexes                        1
   b - Ensorcelled Hibernation        Hexes/Ice                    2
   c - Confuse                        Hexes                        3
   d - Tukima's Dance                 Hexes                        3
   e - Dazzling Spray                 Conjuration/Hexes            3
Comestibles
 i - 2 meat rations
 s - 4 fruits
 z - a bread ration
 G - a royal jelly


   Skills:
 - Level 1.7 Fighting
 - Level 1.0 Throwing
 - Level 1.1 Armour
 + Level 7.3 Dodging
 + Level 5.5 Unarmed Combat
 - Level 1.5 Spellcasting
 - Level 3.2 Translocations
 + Level 3.2 Invocations


You had 8 spell levels left.
You knew the following spells:

 Your Spells              Type           Power        Failure   Level  Hunger
b - Blink                 Tloc           N/A          14%         2    ###....


Dungeon Overview and Level Annotations

Branches:
Dungeon (5/15)             Temple (1/1) D:4

Altars:
Ashenzari
Cheibriados
Dithmenos
Fedhas
Gozag
Hepliaklqana
Kikubaaqudgha
Makhleb
Nemelex Xobeh
Okawaru
Qazlal
Ru
Trog
Uskayaw
Vehumet
Zin
The Shining One

Annotations:
D:5 Menkaure


Innate Abilities, Weirdness & Mutations

You are small and have problems with some larger weapons.
You are somewhat resistant to further mutation.


Message History

Menkaure casts a spell at you. Pain shoots through your body!
You barely miss Menkaure. You punch Menkaure.
Menkaure is moderately damaged.
You hit Menkaure but do no damage.
Menkaure is moderately damaged.
Menkaure gestures wildly while chanting.
Menkaure seems to speed up.
You barely miss Menkaure.
Menkaure is moderately damaged.
Menkaure casts a spell at you. Pain shoots through your body!
You feel very mighty all of a sudden.
Menkaure calls on the powers of darkness!
Your body is wracked with pain!
* * * LOW HITPOINT WARNING * * *
You punch Menkaure!
Menkaure is almost destroyed.
Menkaure hits you!!
You die...

###.... ###.....
....... .....#
.. #....# ..#
#....##..# #.
#.M......# ...
##.@......#
....#.........#
.?............#
...........>..#
....###.......##
.... ###......#
##.. ###.####
#.. ###...# ...#
##.†.#.#


You could see Menkaure.

Vanquished Creatures
  Sigmund (D:4)
  Eustachio (D:4)
  A phantom (D:4)
  An ogre (D:4)
  Blork the orc (D:4)
  2 crimson imps
  2 orc wizards
  Crazy Yiuf (D:3)
  An orc priest (D:5)
  A centaur skeleton (D:4)
  Ijyb (D:3)
  Natasha (twice) (D:4)
  An iguana (D:4)
  3 worker ants
  A hound skeleton (D:4)
  Robin (D:3)
  4 gnolls (D:3)
  4 adders
  2 oozes
  4 worms
  A dart slug (D:4)
  2 leopard geckos (D:1)
  14 orcs
  4 giant cockroaches (D:3)
  14 goblins
  10 hobgoblins
  A quokka (D:2)
  A ball python (D:3)
  10 bats
  2 frilled lizards
  A jackal skeleton (D:4)
  6 kobolds
  5 rats
106 creatures vanquished.

Notes
Turn   | Place    | Note
-------+----------+-------------------------------------------
     0 | D:1      | Khazard the Halfling Warper began the quest for the Orb.
     0 | D:1      | Reached XP level 1. HP: 14/14 MP: 3/3
   377 | D:1      | Reached XP level 2. HP: 10/19 MP: 4/4
   884 | D:1      | Reached XP level 3. HP: 11/24 MP: 5/5
  1082 | D:1      | Reached skill level 3 in Dodging
  1661 | D:3      | Reached XP level 4. HP: 25/29 MP: 6/6
  1683 | D:3      | Found a sacrificial altar of Ru.
  2037 | D:3      | Noticed Ijyb
  2064 | D:3      | Noticed Robin
  2095 | D:3      | Killed Ijyb
  2095 | D:3      | Reached skill level 4 in Dodging
  2129 | D:3      | Reached XP level 5. HP: 8/34 MP: 7/7
  2132 | D:3      | Killed Robin
  2563 | D:3      | Reached XP level 6. HP: 23/39 MP: 8/8
  2693 | D:3      | Found a runed door.
  2697 | D:3      | Noticed Crazy Yiuf
  2710 | D:3      | Killed Crazy Yiuf
  2710 | D:3      | Reached skill level 5 in Dodging
  3049 | D:3      | Learned a level 2 spell: Blink
  3245 | D:4      | Noticed a phantom
  3306 | D:4      | Killed a phantom
  3306 | D:4      | Reached XP level 7. HP: 32/44 MP: 9/9
  3348 | D:4      | Reached skill level 6 in Dodging
  3456 | D:4      | Noticed Blork the orc
  3465 | D:4      | Killed Blork the orc
  3538 | D:4      | Noticed Natasha
  3558 | D:4      | Killed Natasha
  3601 | D:4      | Found a staircase to the Ecumenical Temple.
  3634 | Temple   | Entered the Ecumenical Temple
  3694 | Temple   | Became a worshipper of Cheibriados the Contemplative
  3773 | D:4      | Found a radiant altar of Vehumet.
  3835 | D:4      | Noticed Sigmund
  3848 | D:4      | Killed Sigmund
  3848 | D:4      | Reached skill level 5 in Unarmed Combat
  3848 | D:4      | Reached XP level 8. HP: 45/49 MP: 10/10
  4041 | D:4      | Noticed Eustachio
  4092 | D:4      | Killed Eustachio
  4092 | D:4      | Reached skill level 7 in Dodging
  4179 | D:4      | Noticed Natasha
  4185 | D:4      | Killed Natasha
  4290 | D:5      | Entered Level 5 of the Dungeon
  4335 | D:5      | Found an iron altar of Okawaru.
  4404 | D:5      | Reached * piety under Cheibriados
  4603 | D:5      | Noticed Menkaure
  4614 | D:5      | Mangled by Menkaure

Skill      XL: |  1  2  3  4  5  6  7  8 |
---------------+-------------------------+-----
Unarmed Combat | 2 3 4 5 |  5.5
Dodging        | 3 4 5 6 7 |  7.3
Invocations    | 2 3 |  3.2
Fighting       | |  1.7
Throwing       | |  1.0
Armour         | |  1.1
Spellcasting   | |  1.5
Translocations | |  3.2

Action                   |  1- 3 |  4- 6 |  7- 9 || total
-------------------------+-------+-------+-------++-------
Melee: Unarmed           |   172 |   307 |   235 ||   714
       Punch             |     1 |     5 |     7 ||    13
       Mace              |       |    16 |       ||    16
 Fire: Blowgun           |       |     1 |     2 ||     3
 Cast: Blink             |       |       |     1 ||     1
Evoke: Wand              |       |     2 |       ||     2
  Use: Scroll            |       |     9 |       ||     9
       Potion            |       |     1 |     2 ||     3
 Stab: Paralysed         |       |     2 |       ||     2
       Sleeping          |       |     1 |     2 ||     3
  Eat: Chunk             |     1 |     2 |     2 ||     5
       Bread ration      |     1 |       |     1 ||     2
Armor: Leather armour    |    58 |    63 |    62 ||   183
Dodge: Dodged            |   186 |   208 |   218 ||   612
